 Dungeon Crawl Stone Soup version 0.28.0 (console) character file.

Game seed: 7800888497206603968

823690 ryathie the Slayer (level 27, -2/191 HPs)
             Began as a Gargoyle Fighter on Feb 16, 2022.
             Was the Champion of the Shining One.
             Killed from afar by Asmodeus (46 damage)
             ... with damnation
             ... on level 7 of Gehenna.
             The game lasted 03:53:11 (38690 turns).

ryathie the Slayer (Gargoyle Fighter)              Turns: 38690, Time: 03:53:12

Health: -2/191     AC: 68    Str: 26 (29) XL:     27
Magic:  4/32       EV: 18    Int: 19      God:    the Shining One [******]
Gold:   6157       SH: 31    Dex: 13      Spells: 26/26 levels left

rFire   + + +      SeeInvis .   b - +8 broad axe (holy)
rCold   + . .      Faith    .   m - +8 tower shield "Qifryav" {rF+ Str+4}
rNeg    + + +      Spirit   .   K - +10 plate armour {rC+}
rPois   ∞          Reflect  .   V - +2 helmet {Int+3}
rElec   +          Harm     .   c - +2 cloak {Will+}
rCorr   .          Rampage  .   D - +2 pair of gloves {Str+3}
Will    +++..      Clarity  +   W - +1 pair of boots of Hedge Wizardry {Fly rF+ Dex-4}
Stlth   ..........              H - amulet of regeneration
HPRegen 1.21/turn               R - +4 ring of evasion
MPRegen 0.23/turn               s - ring of Dauclezo {rF+ Str+2 Int+3}

@: flying, glowing, studying Stealth, unable to read
A: sickness immunity, AC +20, big wings, negative energy resistance 1,
electricity resistance, torment resistance 1, petrification resistance, clarity,
low MP 1, shaggy fur 1, weak 1, noise suppression
}: 11/15 runes: decaying, slimy, silver, bone, abyssal, demonic, glowing,
magical, fiery, dark, gossamer
a: Renounce Religion, Divine Shield, Cleansing Flame, Summon Divine Warrior


You were on level 7 of Gehenna.
You worshipped the Shining One.
The Shining One was exalted by your worship.
You visited 13 branches of the dungeon, and saw 63 of its levels.
You visited Pandemonium 4 times, and saw 20 of its levels.
You visited the Abyss 5 times.
You also visited: Trove, Gauntlet and Wizlab.

You collected 9560 gold pieces.
You spent 3403 gold pieces at shops.

Inventory:

Hand Weapons
 a - a +5 spectral broad axe
 b - a +8 broad axe of holy wrath (weapon)
Missiles
 j - 5 throwing nets
 l - 15 curare-tipped darts (quivered)
Armour
 c - a +2 cloak of willpower (worn)
 m - the +8 tower shield "Qifryav" (worn) {rF+ Str+4}
   (You acquired it on level 2 of the Depths)

   Str:       It affects your strength (+4).
   rF:        It protects you from fire.
 D - a +2 pair of gloves of strength (worn)
 K - a +10 plate armour of cold resistance (worn)
 V - a +2 helmet of intelligence (worn)
 W - the +1 pair of boots of Hedge Wizardry (worn) {Fly rF+ Dex-4}
   (You found it on level 4 of the Spider Nest)

   Dex:       It affects your dexterity (-4).
   rF:        It protects you from fire.
   Fly:       It grants you flight.
Jewellery
 s - the ring of Dauclezo (right hand) {rF+ Str+2 Int+3}
   (You bought it in a shop on level 1 of the Elven Halls)

   [ring of protection from fire]

   Str:       It affects your strength (+2).
   Int:       It affects your intelligence (+3).
   rF:        It protects you from fire.
 y - a ring of see invisible
 A - a ring of willpower
 G - the ring "Luhyn" {rPois rCorr}
   (You bought it in a shop on level 1 of the Elven Halls)

   [ring of resist corrosion]

   rPois:     It protects you from poison.
   rCorr:     It protects you from acid and corrosion.
 H - an amulet of regeneration (around neck)
 O - the ring of Liberty {Wiz +Blink Str+2}
   (You found it in Pandemonium)

   [ring of wizardry]

   It improves your spell success rate.
   Str:       It affects your strength (+2).
   +Blink:    It lets you blink.
 R - a +4 ring of evasion (left hand)
 X - the ring "Nayc Ich" {Ice Will+}
   (You found it on level 3 of the Depths)

   [ring of ice]

   It enhances your ice magic.
   rF:        It makes you vulnerable to fire.
   rC:        It protects you from cold.
   Will:      It increases your willpower.
Wands
 q - a wand of iceblast (21)
 u - a wand of paralysis (9)
 J - a wand of digging (2)
 P - a wand of acid (27)
 Q - a wand of charming (9)
Scrolls
 e - 4 scrolls of fear
 f - 2 scrolls of brand weapon
 h - 19 scrolls of teleportation
 p - 6 scrolls of vulnerability
 r - 3 scrolls of enchant armour
 x - 7 scrolls of holy word
 z - 6 scrolls of blinking
 B - 11 scrolls of identify
 C - 3 scrolls of fog
 L - 2 scrolls of magic mapping
 S - 3 scrolls of amnesia
 U - 3 scrolls of silence
 Y - 4 scrolls of summoning
Potions
 d - 5 potions of might
 i - 4 potions of heal wounds
 n - 14 potions of ambrosia
 o - 2 potions of resistance
 v - 9 potions of curing
 w - 5 potions of attraction
 E - 2 potions of magic
 F - 7 potions of cancellation
 N - 10 potions of brilliance
 T - 6 potions of haste
Miscellaneous
 g - a lightning rod (4/4)
 k - a tin of tremorstones (2/2)
 t - a box of beasts
 M - a phial of floods
 Z - a phantom mirror


   Skills:
 + Level 24.3 Fighting
 - Level 18.0 Axes
 - Level 2.0 Throwing
 + Level 24.3 Armour
 - Level 15.0 Dodging
 + Level 24.3 Shields
 - Level 18.0 Invocations
 + Level 8.8 Evocations


You had 26 spell levels left.
You didn't know any spells.
Your spell library contained the following spells:

 Spells                   Type           Power      Damage    Failure   Level
 Animate Skeleton         Necr           0%         N/A       71%         1
 Apportation              Tloc           0%         N/A       71%         1
 Beastly Appendage        Tmut           0%         N/A       71%         1
 Foxfire                  Conj/Fire      0%         2x1d4     71%         1
 Freeze                   Ice            0%         1d3       71%         1
 Magic Dart               Conj           0%         1d3       71%         1
 Sandblast                Erth           0%         2d4       71%         1
 Slow                     Hex            0%         N/A       71%         1
 Summon Small Mammal      Summ           0%         N/A       71%         1
 Call Imp                 Summ           0%         N/A       83%         2
 Ensorcelled Hibernation  Hex/Ice        0%         N/A       83%         2
 Passwall                 Tmut/Erth      0%         N/A       83%         2
 Static Discharge         Conj/Air       0%         N/A       83%         2
 Wereblood                Tmut           0%         N/A       83%         2
 Call Canine Familiar     Summ           0%         N/A       97%         3
 Confusing Touch          Hex            0%         N/A       97%         3
 Conjure Flame            Conj/Fire      0%         6-21      97%         3
 Dazzling Flash           Conj/Hex       0%         N/A       97%         3
 Frozen Ramparts          Ice            0%         1d2       97%         3
 Gell's Gravitas          Tloc           0%         N/A       97%         3
 Inner Flame              Hex/Fire       0%         N/A       97%         3
 Lesser Beckoning         Tloc           0%         N/A       97%         3
 Mephitic Cloud           Conj/Pois/Air  0%         N/A       97%         3
 Ozocubu's Armour         Ice            0%         N/A       97%         3
 Portal Projectile        Hex/Tloc       0%         N/A       97%         3
 Spider Form              Tmut/Pois      0%         N/A       97%         3
 Stone Arrow              Conj/Erth      0%         3d7       97%         3
 Summon Guardian Golem    Hex/Summ       0%         N/A       97%         3
 Teleport Other           Tloc           0%         N/A       97%         3
 Tukima's Dance           Hex            0%         N/A       97%         3
 Vampiric Draining        Necr           0%         2d6       97%         3
 Anguish                  Hex/Necr       0%         N/A       100%        4
 Animate Armour           Summ/Erth      0%         N/A       100%        4
 Cause Fear               Hex            0%         N/A       100%        4
 Flame Wave               Conj/Fire      0%         2d4       100%        4
 Hailstorm                Conj/Ice       0%         3d3       100%        4
 Ice Form                 Ice/Tmut       0%         N/A       100%        4
 Leda's Liquefaction      Hex/Erth       0%         N/A       100%        4
 Petrify                  Tmut/Erth      0%         N/A       100%        4
 Summon Ice Beast         Ice/Summ       0%         N/A       100%        4
 Blade Hands              Tmut           0%         N/A       100%        5
 Fireball                 Conj/Fire      0%         3d3       100%        5
 Freezing Cloud           Conj/Ice/Air   0%         6-21      100%        5
 Irradiate                Conj/Tmut      0%         3d13      100%        5
 Iskenderun's Battlesphe  Conj           0%         2d6       100%        5
 Lightning Bolt           Conj/Air       0%         1d11      100%        5
 Metabolic Englaciation   Hex/Ice        0%         N/A       100%        5
 Summon Forest            Summ/Tloc      0%         N/A       100%        5
 Yara's Violent Unravell  Hex/Tmut       0%         3d3       100%        5
 Conjure Ball Lightning   Conj/Air       0%         3x3d6     100%        6
 Dispersal                Tloc           0%         N/A       100%        6
 Iron Shot                Conj/Erth      0%         9d1       100%        6
 Simulacrum               Ice/Necr       0%         N/A       100%        6
 Dragon Form              Tmut           0%         N/A       100%        7
 Enfeeble                 Hex            0%         N/A       100%        7
 Orb of Destruction       Conj           0%         9d5       100%        7
 Ozocubu's Refrigeration  Ice            0%         4d5       100%        7
 Discord                  Hex            0%         N/A       100%        8
 Maxwell's Capacitive Co  Air            0%         ∞         100%        8
 Polar Vortex             Ice            0%         N/A       100%        9
 Sublimation of Blood     Necr           Unusable   N/A       N/A         2
 Statue Form              Tmut/Erth      Unusable   N/A       N/A         6

Dungeon Overview and Level Annotations

Branches:
Dungeon (15/15)            Temple (1/1) D:4            Lair (6/6) D:11
  Swamp (4/4) Lair:4       Spider (4/4) Lair:2        Slime (5/5) Lair:5
    Orc (2/2) D:9             Elf (3/3) Orc:2        Vaults (5/5) D:14
 Depths (4/4) D:15           Hell (visited)             Dis (0/7) Hell
    Geh (7/7) Hell            Coc (0/7) Hell            Tar (7/7) Hell
    Zot (0/5) Depths:4     WizLab (visited)         Gauntlet (visited)
  Crypt: Vaults:2-3

Altars:
Cheibriados
Dithmenos
Fedhas
Gozag
Kikubaaqudgha
Nemelex Xobeh
Ru
Uskayaw
Wu Jian
Xom
Yredelemnul
The Shining One
Beogh
Jiyva

Shops:
D:6 (   D:7 **[   Orc:2 :*([   Elf:1 =   Vaults:3 *   Depths:1 *[*
Depths:2 (([   Depths:3 [*   Depths:4 [

Portals:
Hell: Depths:1 Depths:2 Depths:3 Depths:4
Abyss: Depths:3
Pandemonium: Depths:2
Ziggurat: Depths:2

Annotations:
D:6 2 transporters, ProzacElf's ghost, amateur TrWz
Geh:7 Asmodeus
Tar:6 36 runed doors


Innate Abilities, Weirdness & Mutations

You are immune to sickness and miasma.
Your stone body is resilient. (AC +20)
You are immune to poison.
Your large and strong wings let you fly.
You resist negative energy. (rN+)
You are resistant to electric shocks. (rElec)
You are resistant to unholy torment.
You are immune to petrification.
You possess an exceptional clarity of mind.
Your magical capacity is low. (-10% MP)
You are covered in fur. (AC +1)
You are weak. (Str -2)
You passively dampen the noise of your surroundings.


Message History

You are engulfed in blazing flames.
You resist. You block Asmodeus's attack. The Brimstone Fiend gestures at you.
The sphere of damnation explodes!
The damnation engulfs you!!!
* * * LOW HITPOINT WARNING * * *
The damnation engulfs Asmodeus.
Asmodeus completely resists.
The damnation engulfs the Brimstone Fiend.
The Brimstone Fiend completely resists.
Asmodeus shouts, "Decamp whilst thou may!"
You cannot see clearly; the smoke and ash is too thick!
Unknown command.
Unknown command.
You feel much better.
You are engulfed in blazing flames.
You resist. You block Asmodeus's attack.
You block the Brimstone Fiend's attack. x2
The Brimstone Fiend hits you but does no damage.
You don't know any spells.
You hit Asmodeus.
Asmodeus convulses.
Asmodeus is almost dead.
You slash the Brimstone Fiend!
The Brimstone Fiend convulses.
You are engulfed in blazing flames.
You resist.
* * * LOW HITPOINT WARNING * * *
The Brimstone Fiend gestures at you.
The sphere of damnation explodes!
The damnation engulfs Asmodeus.
Asmodeus completely resists.
The damnation engulfs the Brimstone Fiend.
The Brimstone Fiend completely resists.
The damnation engulfs the Brimstone Fiend.
The Brimstone Fiend completely resists.
The damnation engulfs you!!
* * * LOW HITPOINT WARNING * * *
The hellion gestures at you.
The sphere of damnation explodes!
The damnation engulfs you! The Shining One protects you from harm!
The damnation engulfs Asmodeus.
Asmodeus completely resists.
The damnation engulfs the Brimstone Fiend.
The Brimstone Fiend completely resists.
Okay, then.
Unknown command.
You feel much better. Asmodeus gestures at you.
The sphere of damnation explodes!
The damnation engulfs you!!!
You die...

.......§§≈≈§≈≈≈≈≈≈≈§§≈≈≈≈≈≈≈
...2n≈§§≈§§≈≈§≈≈≈##+##≈≈≈§§§
..2≈≈§§§v§§§≈≈≈≈§#...#≈≈§≈≈≈
..≈§v≈§§≈≈≈≈≈≈≈§≈#...# ≈§§§≈
.≈§§≈≈≈≈§§≈≈≈≈≈§§#...# §≈≈≈≈
≈≈≈≈§≈≈≈≈§≈≈§§≈§§##)##########
≈≈§≈≈≈≈≈###########..........#
≈≈≈≈§≈§≈# #########..).......#
≈≈≈§≈§§§#
#...°#@.#..........###
§≈≈≈≈≈≈≈#
#.121&1.#..........'.##
≈≈≈######
#...°#○.#..........'.#. §§≈#
#....#..#..........#.#. ≈≈≈#
#... #..############.#. ≈≈≈#
#... #..#..........'.#. ≈≈≈#
##+ #..#.####.....'.#' ≈≈≈#
#..#.'|}#.....###. ≈≈≈#
#..#.'}}#.....###.


You could see Asmodeus (clouds), 3 Brimstone Fiends and a hellion (summoned).

Vanquished Creatures
  the Royal Jelly (Slime:5)
  Dissolution (Slime:1)
  Ereshkigal (Tar:7)
  Mnoleg (Pan)
  the Serpent of Hell (Geh:7)
  A dread lich (Vaults:5)
  A juggernaut (Abyss:5)
  A pandemonium lord (Pan)
  Margery (Depths:4)
  Geryon (Hell)
  A golden dragon (Depths:2)
  3 profane servitors
  9 bone dragons
  6 hellephants (Geh:7)
  6 Tzitzimimeh
  2 doom hounds
  7 Brimstone Fiends
  13 searing wretches
  2 Ice Fiends (Pan)
  A Hell Sentinel (Abyss:1)
  7 titans
  4 liches
  2 deep elf blademasters (Elf:2)
  A deep elf master archer (Elf:3)
  9 tentacled monstrosities
  3 quicksilver dragons
  2 tainted leviathans (Tar:7)
  Asterion (Elf:1)
  11 Executioners (Pan)
  7 tentacled starspawn
  A thorn hunter (Swamp:2)
  9 acid blobs
  The ghost of Shmal the Warrior, an adept MiBe of Trog (Spider:1)
  2 sphinxes
  Frances (Elf:1)
  Kirke (D:14)
  A sphinx (shapeshifter) (Vaults:5)
  4 shadow dragons
  Gastronok (D:12)
  5 tengu reavers
  8 storm dragons
  3 fenstrider witches
  A revenant (Hell)
  6 rockslimes
  9 azure jellies
  20 vault wardens
  6 frost giants
  3 iron dragons
  2 draconian scorchers (Depths:4)
  4 orc warlords
  13 fire giants
  3 deep elf elementalists (Elf:3)
  12 cacodemons
  10 ghost moths
  20 balrugs
  3 emperor scorpions
  A spectral juggernaut (Tar:4)
  5 deep elf sorcerers
  A curse skull (Pan)
  2 caustic shrike zombies
  3 war gargoyles
  2 spriggan defenders
  15 stone giants
  2 demonspawn blood saints (Pan)
  3 draconian annihilators (Pan)
  3 broodmothers (Spider:4)
  12 reapers
  23 ironbound preservers
  5 ironbound thunderhulks
  2 angels
  2 ophanim (Abyss:5)
  9 quicksilver oozes
  7 deep elf demonologists
  20 very ugly things
  2 eleionomae (Swamp:3)
  A vampire knight (Depths:3)
  10 deep elf annihilators
  A black draconian (Abyss:4)
  3 putrid mouths
  6 dire elephants
  7 lorocyprocas (Pan)
  A spectral titan (Tar:4)
  A red draconian (Depths:4)
  A white draconian (Depths:4)
  3 entropy weavers
  2 demonspawn black suns (Pan)
  A minotaur (Gauntlet)
  4 spark wasps
  7 ettins
  A purple draconian (Depths:4)
  A crystal guardian (Vaults:4)
  2 bunyips
  5 deep elf death magi
  3 eidola
  6 green deaths (Pan)
  10 fire dragons
  A spectral quicksilver dragon (Tar:6)
  9 yaktaur captains
  5 blizzard demons
  7 deep elf high priests
  11 great orbs of eyes
  4 spriggan zombies
  Harold (D:7)
  7 ice dragons
  3 ghost crabs
  A peacekeeper (Vaults:4)
  A salamander tyrant (Geh:2)
  35 vault guards
  11 rakshasas
  7 hydras
  3 hell beasts
  3 juggernaut simulacra
  A spriggan skeleton (D:15)
  6 spriggan air magi
  A stoker (Geh:7)
  14 centaur warriors
  5 boulder beetles
  3 jorogumos (Spider:4)
  4 catoblepae (Lair:6)
  A radroach (Spider:1)
  12 ironbound frosthearts
  37 dancing weapons
  2 two-headed ogres
  A death knight (D:12)
  37 hell hogs
  2 alligators
  9 deep troll earth magi
  20 thrashing horrors
  19 death yaks
  3 tengu warriors
  An alligator (shapeshifter) (Vaults:5)
  4 deep troll shamans
  A spectral dire elephant (Tar:2)
  Urug (Lair:2)
  A vampire mage (D:15)
  6 spriggan berserkers
  3 naga sharpshooters (Depths:3)
  10 soul eaters
  Nergalle (D:12)
  50 sun demons
  2 orc high priests (Orc:2)
  3 shock serpents (Pan)
  13 sixfirhies
  4 goliath frogs
  20 hell knights
  18 shadow wraiths
  19 deep elf knights
  8 wretched stars
  5 pharaoh ants
  A spriggan druid (Swamp:3)
  2 spectral anacondas
  11 iron trolls
  2 spectral hydras (Swamp:4)
  A sea snake (shapeshifter) (Depths:3)
  2 orb spiders
  2 cherubim (Abyss:5)
  68 deep trolls
  3 spatial maelstroms
  A skeletal warrior (D:12)
  5 glowing orange brains
  4 shadow demons (Pan)
  A flayed ghost (Depths:3)
  4 swamp dragons
  5 bog bodies
  4 steelbarb worms
  10 wizards
  4 phantasmal warriors
  15 deep elf archers
  A harpy (Vaults:2)
  28 deep elf zephyrmancers
  19 deep elf pyromancers
  16 ironbound convokers
  2 mana vipers (Abyss:4)
  15 necromancers
  26 ugly things
  14 orc knights
  13 wolf spiders
  5 lindwurms (Vaults:2)
  A shadow dragon skeleton (Hell)
  2 spectral ettins
  An oklob plant (Swamp:4)
  A wolf spider (shapeshifter) (Spider:4)
  6 cyclopes
  3 will-o-the-wisps
  An iron dragon zombie (Hell)
  4 orc sorcerers
  5 manticores
  A shining eye (Slime:5)
  4 elephants (Lair:6)
  A spectral alligator snapping turtle (Tar:1)
  A stone giant skeleton (Hell)
  A spectral centaur (Tar:1)
  13 vault sentinels
  2 moths of wrath
  3 centaur zombies
  3 worldbinders (Abyss:4)
  7 rust devils
  An iron dragon skeleton (D:15)
  10 cane toads
  A naga zombie (Hell)
  2 guardian serpents (Depths:2)
  6 black mambas
  2 apocalypse crabs (Abyss:4)
  Maurice (D:13)
  18 orange demons
  5 eyes of devastation
  6 molten gargoyles
  A torpor snail (shapeshifter) (D:13)
  24 smoke demons
  A dire elephant skeleton (Pan)
  4 torpor snails
  A minotaur zombie (Gauntlet)
  Psyche (D:8)
  10 hellions
  4 rime drakes (Lair:4)
  7 tormentors
  7 demonic crawlers
  3 freezing wraiths
  3 ice devils
  7 komodo dragons
  3 swamp worm zombies (Swamp:4)
  5 efreet
  3 unseen horrors
  7 hellwings (Pan)
  2 guardian mummies (D:15)
  21 yaktaurs
  A spectral naga (Tar:1)
  A harpy zombie (Hell)
  A spectral harpy (Tar:2)
  2 red devils (Pan)
  13 tarantellas
  10 ancient zymes
  7 meliai
  2 tengu conjurers (D:13)
  2 hydra zombies (Swamp:4)
  8 polar bears
  A queen bee (shapeshifter) (Abyss:1)
  5 tyrant leeches
  10 trolls
  A bloated husk (Swamp:2)
  5 hornets
  A queen bee (Lair:1)
  A tarantella (shapeshifter) (Vaults:5)
  20 raiju (Abyss:4)
  A harpy skeleton (Pan)
  2 blink frogs (Abyss:4)
  86 slime creatures
  2 spectral swamp dragons (Swamp:4)
  3 alligator zombies (Swamp:4)
  3 human simulacra
  13 dream sheep
  9 jumping spiders
  9 culicivoras
  13 small abominations
  4 spriggans
  2 ettin skeletons
  2 centaur simulacra
  16 ynoxinuls
  27 large abominations
  2 water elementals (Depths:1)
  2 air elementals
  A shadow (D:10)
  5 wraiths
  6 golden eyes
  40 yaks
  14 wyverns
  3 fire elementals
  13 basilisks
  4 hogs (D:14)
  A spriggan simulacrum (Depths:1)
  12 vampire mosquitoes
  12 chaos spawn
  16 neqoxecs
  24 redbacks
  A spatial vortex (Abyss:4)
  7 swamp worms
  5 wargs
  3 harpy simulacra
  21 water moccasins
  2 acid dragons (D:11)
  A hell hound (Lair:4)
  A demonspawn zombie (Hell)
  A naga (Depths:3)
  5 floating eyes
  A sky beast (D:3)
  A demonspawn skeleton (Pan)
  2 swamp drakes
  2 necrophages (D:5)
  32 orc warriors
  2 black bears
  5 ogres
  5 swamp dragon zombies (Swamp:4)
  5 centaurs
  3 kobold brigands
  2 phantoms (Swamp:4)
  11 wolves
  8 bullfrogs
  A gnoll sergeant (D:10)
  3 scorpions
  An earth elemental (Elf:1)
  A water moccasin skeleton (D:2)
  35 killer bees
  A howler monkey (D:11)
  3 wights (D:9)
  6 crimson imps (Abyss:4)
  A lava snake (D:12)
  46 starcursed masses
  A quasit (Abyss:4)
  2 hounds (D:5)
  11 orc priests
  6 jellies
  A centaur skeleton (D:5)
  2 iguanas
  24 orc wizards
  A spectral swamp drake (Swamp:4)
  12 hell rats
  A hound skeleton (D:5)
  A howler monkey zombie (D:11)
  3 gnolls (D:10)
  5 adders
  2 swamp drake zombies (Swamp:4)
  3 shadow imps
  6 white imps
  2 ufetubi
  An adder skeleton (D:4)
  An adder zombie (D:5)
  3 worms
  3 dart slugs
  52 orcs
  A ball python (D:3)
  4 endoplasms
  A giant cockroach (D:1)
  5 hobgoblins
  A quokka (D:5)
  2 bats
  A frilled lizard (D:3)
  24 kobolds
  5 rats
  A briar patch (Swamp:4)
  A bush (Abyss:1)
  A butterfly (Lair:1)
  3 fire vortices
  7 starspawn tentacles
2279 creatures vanquished.

Vanquished Creatures (collateral kills)
  Gloorx Vloq (Pan)
  A profane servitor (Tar:7)
  3 Tzitzimimeh (Tar:7)
  A searing wretch (Geh:7)
  5 tainted leviathans
  3 acid blobs
  A deep elf master archer (Elf:3)
  2 Executioners (Pan)
  A thorn hunter (Swamp:4)
  A shadow dragon (Vaults:5)
  An azure jelly (Slime:5)
  4 rockslimes (Slime:5)
  2 fire giants (Geh:7)
  A storm dragon (Vaults:5)
  A demonspawn warmonger (Pan)
  2 vault wardens (Vaults:5)
  A deep elf sorcerer (Elf:3)
  The ghost of swinepaste the Fencer, a journeyman DsMo of Wu Jian (Swamp:4)
  A balrug (Geh:7)
  A cacodemon (Pan)
  A quicksilver ooze (Slime:5)
  2 broodmothers (Spider:4)
  A reaper (Pan)
  A stone giant (Vaults:5)
  A lorocyproca (Pan)
  2 putrid mouths (Tar:7)
  2 bunyips (Swamp:4)
  An eidolon (Tar:7)
  2 ettins (Vaults:5)
  2 rakshasas (WizLab)
  9 vault guards (Vaults:5)
  A hydra (Swamp:4)
  A great orb of eyes (Slime:5)
  An ogre mage (Vaults:5)
  5 dancing weapons
  An alligator (Swamp:4)
  A shadow wraith (Vaults:5)
  A sixfirhy (Pan)
  A cherub (Pan)
  2 orb spiders (Spider:4)
  A steelbarb worm (Spider:4)
  A bog body (Swamp:4)
  A spectral hydra (Swamp:4)
  A swamp dragon (Swamp:4)
  A deep elf zephyrmancer (Elf:2)
  A phantasmal warrior (Swamp:4)
  An orc knight (Vaults:5)
  A wolf spider (Spider:4)
  A moth of wrath (Spider:4)
  3 shining eyes
  An orange demon (Pan)
  A demonic crawler (Pan)
  A yaktaur (Vaults:5)
  A freezing wraith (Vaults:5)
  A red devil (Pan)
  A meliai (D:13)
  A bloated husk (Swamp:4)
  2 alligator zombies (Swamp:4)
  A large abomination (Pan)
  2 culicivoras (Spider:4)
  6 neqoxecs (Pan)
  6 redbacks (Spider:4)
  3 phantoms (Swamp:4)
111 creatures vanquished.

Vanquished Creatures (others)
  A Tzitzimitl (Pan)
  An eldritch tentacle (Pan)
  A fire giant (Geh:2)
  A war gargoyle (Hell)
  A demonspawn blood saint (Pan)
  A stoker (Geh:6)
  A thrashing horror (Abyss:4)
  A soul eater (Pan)
  A pharaoh ant (Spider:4)
  A molten gargoyle (D:12)
  A meliai (D:13)
  2 bloated husks
  2 jumping spiders (Spider:4)
  A golden eye (Abyss:4)
  A redback (Spider:4)
  A swamp drake (Swamp:4)
  3 humans
  A small abomination (Abyss:4)
  A starcursed mass (Abyss:1)
  An orc (Orc:1)
  5 briar patches (Swamp:4)
  A bush (Abyss:1)
  5 demonic plants (Abyss:4)
  10 foxfires
  16 fungi
  2 lurking horrors (Abyss:4)
  22 plants
  23 starspawn tentacles
  4 withered plants (D:15)
112 creatures vanquished.

Grand Total: 2502 creatures vanquished

Notes
Turn   | Place    | Note
-------+----------+-------------------------------------------
     0 | D:1      | ryathie the Gargoyle Fighter began the quest for the Orb.
     0 | D:1      | Reached XP level 1. HP: 14/14 MP: 1/1
   109 | D:1      | Reached XP level 2. HP: 19/19 MP: 2/2
   200 | D:2      | Identified the +1 ring mail of Card Tricks {Regen+ Str+4
                  | Slay+3 SInv}
   270 | D:2      | Reached XP level 3. HP: 23/23 MP: 3/3
   270 | D:2      | Reached XP level 4. HP: 28/28 MP: 4/4
   458 | D:4      | Found a staircase to the Ecumenical Temple.
   476 | Temple   | Entered the Ecumenical Temple
   483 | Temple   | Became a worshipper of the Shining One
   498 | D:4      | Noticed an ogre
   499 | D:4      | Noticed a sky beast
   530 | D:3      | Killed a sky beast
   531 | D:3      | Reached skill level 5 in Axes
   531 | D:3      | Reached XP level 5. HP: 24/32 MP: 5/5
   619 | D:4      | You fall into a shaft and drop 2 floors!
   623 | D:6      | Noticed ProzacElf's ghost (amateur TrWz)
   634 | D:6      | Found a transporter.
   649 | D:6      | Found a transporter.
   686 | D:6      | Noticed a centaur
   688 | D:6      | Killed a centaur
   689 | D:6      | Reached XP level 6. HP: 37/37 MP: 6/6
   740 | D:5      | Entered Level 5 of the Dungeon
   743 | D:5      | Noticed a necrophage
   753 | D:5      | Killed a necrophage
   754 | D:5      | Reached XP level 7. HP: 37/42 MP: 7/7
   832 | D:5      | Reached * piety under the Shining One
  1180 | D:6      | Found Uckuisig's Antique Weapon Shoppe.
  1231 | D:6      | Found a basalt altar of Yredelemnul.
  1231 | D:6      | Found a blossoming altar of Fedhas.
  1232 | D:6      | Found an ornate altar of the Wu Jian Council.
  1325 | D:6      | Found a sacrificial altar of Ru.
  1381 | D:7      | Reached XP level 8. HP: 48/48 MP: 8/8
  1468 | D:6      | Reached skill level 1 in Throwing
  1468 | D:6      | Reached skill level 1 in Evocations
  1561 | D:7      | Reached ** piety under the Shining One
  1605 | D:7      | Found Lyubb's Assorted Antiques.
  1614 | D:7      | Found Zotzoed's Assorted Antiques.
  1623 | D:7      | Bought a black potion for 28 gold pieces
  1623 | D:7      | Bought a viscous purple potion for 28 gold pieces
  1623 | D:7      | Bought a red potion for 28 gold pieces
  1623 | D:7      | Bought a scroll labelled HOETSOFFORA for 32 gold pieces
  1623 | D:7      | Bought a scroll labelled NIVEOL EBIDUVORCH for 32 gold
                  | pieces
  1633 | D:7      | Found a snail-covered altar of Cheibriados.
  1635 | D:7      | Noticed Harold
  1656 | D:7      | Killed Harold
  1657 | D:7      | Reached skill level 5 in Fighting
  1657 | D:7      | Reached skill level 5 in Armour
  1657 | D:7      | Reached skill level 5 in Shields
  1657 | D:7      | Reached XP level 9. HP: 45/55 MP: 9/9
  1741 | D:7      | Found Bopul's Armour Shoppe.
  1780 | D:8      | Noticed Psyche
  1794 | D:8      | Noticed a cyclops
  1806 | D:8      | Killed a cyclops
  1973 | D:8      | Noticed a troll
  1991 | D:8      | Killed a troll
  1992 | D:8      | Reached XP level 10. HP: 51/61 MP: 10/10
  2029 | D:8      | Noticed a centaur warrior
  2033 | D:8      | Killed a centaur warrior
  2046 | D:8      | Noticed a manticore
  2053 | D:8      | Killed a manticore
  2054 | D:8      | Reached skill level 10 in Axes
  2121 | D:8      | Found an ancient bone altar of Kikubaaqudgha.
  2144 | D:8      | Noticed a two-headed ogre
  2157 | D:8      | Killed a two-headed ogre
  2186 | D:8      | Killed Psyche
  2494 | D:9      | Noticed a two-headed ogre
  2504 | D:9      | Killed a two-headed ogre
  2505 | D:9      | Reached XP level 11. HP: 64/67 MP: 11/11
  2563 | D:10     | Entered Level 10 of the Dungeon
  2766 | D:10     | Noticed a wolf spider
  2773 | D:10     | Killed a wolf spider
  2863 | D:10     | Found a shadowy altar of Dithmenos.
  2882 | D:11     | Reached *** piety under the Shining One
  2909 | D:11     | Found a gate leading to a gauntlet.
  2918 | Gauntlet | Entered a Gauntlet
  2918 | Gauntlet | Found a transporter.
  2919 | Gauntlet | Noticed a wizard
  2925 | Gauntlet | Found a transporter.
  2927 | Gauntlet | Found a transporter.
  2942 | Gauntlet | Cast into level 2 of the Abyss (a wizard)
  2982 | Gauntlet | Escaped the Abyss
  2991 | Gauntlet | Killed a wizard
  2992 | Gauntlet | Reached skill level 1 in Invocations
  2995 | Gauntlet | Noticed a wizard
  3003 | Gauntlet | Found a transporter.
  3020 | Gauntlet | Found a runed translucent door.
  3022 | Gauntlet | Found a runed translucent door.
  3029 | Gauntlet | Found a transporter.
  3029 | Gauntlet | Found a transporter.
  3029 | Gauntlet | Found a transporter.
  3030 | Gauntlet | Noticed a wretched star
  3031 | Gauntlet | Noticed a wretched star
  3041 | Gauntlet | Killed a wizard
  3068 | Gauntlet | Found a transporter.
  3075 | Gauntlet | Found a transporter.
  3087 | Gauntlet | Killed a wretched star
  3101 | Gauntlet | Noticed a quicksilver ooze
  3102 | Gauntlet | Found a runed translucent door.
  3102 | Gauntlet | Identified the +0 cloak "Beaze" {Str+4}
  3107 | Gauntlet | Found a transporter.
  3107 | Gauntlet | Found a transporter.
  3132 | Gauntlet | Noticed a minotaur
  3145 | Gauntlet | Killed a minotaur
  3157 | Gauntlet | Reached **** piety under the Shining One
  3249 | D:11     | Noticed a cyclops
  3256 | D:11     | Killed a cyclops
  3257 | D:11     | Reached skill level 5 in Invocations
  3453 | D:11     | Noticed an orc knight
  3485 | D:11     | Noticed an orc sorcerer
  3495 | D:11     | Killed an orc knight
  3499 | D:11     | Killed an orc sorcerer
  3500 | D:11     | Reached XP level 12. HP: 57/72 MP: 16/16
  3592 | D:11     | Found a staircase to the Lair.
  3597 | Lair:1   | Entered Level 1 of the Lair of Beasts
  3980 | Lair:2   | Noticed Urug
  3990 | Lair:2   | Killed Urug
  4000 | Lair:2   | Found a hole to the Spider Nest.
  4284 | Lair:3   | Noticed a seven-headed hydra
  4289 | Lair:3   | Killed a five-headed hydra
  4391 | Lair:3   | Noticed an eight-headed hydra
  4407 | Lair:3   | Killed a three-headed hydra
  4423 | Lair:3   | Noticed a death yak
  4424 | Lair:3   | Noticed a death yak
  4431 | Lair:3   | Noticed a death yak
  4433 | Lair:3   | Noticed a death yak
  4456 | Lair:3   | Killed a death yak
  4456 | Lair:3   | Killed a death yak
  4459 | Lair:3   | Killed a death yak
  4461 | Lair:3   | Killed a death yak
  4482 | Lair:3   | Reached XP level 13. HP: 71/79 MP: 18/18
  4543 | Lair:3   | You fall into a shaft and drop 2 floors!
  4652 | Lair:5   | Reached skill level 15 in Axes
  4710 | Lair:6   | Entered Level 6 of the Lair of Beasts
  5095 | Lair:6   | Reached ***** piety under the Shining One
  5240 | Lair:6   | Reached skill level 10 in Armour
  5243 | Lair:6   | Reached skill level 10 in Fighting
  5398 | Lair:6   | Gained mutation: Your large and strong wings let you fly.
                  | [Gargoyle growth]
  5398 | Lair:6   | Reached XP level 14. HP: 78/88 MP: 20/20
  5688 | Lair:5   | Found a runed translucent door.
  5700 | Lair:5   | Found a viscous altar of Jiyva.
  5702 | Lair:5   | Found a staircase to the Slime Pits.
  5926 | Lair:4   | Got Sif Muna's Handbook of the Captivating Glacier
  5963 | Lair:4   | Reached skill level 10 in Invocations
  6007 | Lair:4   | Found a staircase to the Swamp.
  6231 | D:12     | Noticed Gastronok
  6385 | D:12     | Killed Gastronok
  6675 | D:12     | Noticed Nergalle
  6682 | D:12     | Killed Nergalle
  6824 | D:12     | Reached XP level 15. HP: 92/92 MP: 23/23
  7137 | D:10     | Reached ****** piety under the Shining One
  7608 | D:9      | Identified the +8 war axe "Ryiross" {vamp, rPois rC+ rN+
                  | Int+2}
  7710 | D:9      | Found a staircase to the Orcish Mines.
  7748 | Orc:1    | Entered Level 1 of the Orcish Mines
  7761 | Orc:1    | Noticed Sonja
  7766 | Orc:1    | Noticed Sonja
  7766 | Orc:1    | Sonja changed into Sonja the basilisk
  7776 | Orc:1    | Killed Sonja the basilisk
  7886 | Orc:2    | Entered Level 2 of the Orcish Mines
  8067 | Orc:2    | Found Xuxeporghos's General Store.
  8088 | Orc:2    | Bought a +0 kite shield for 72 gold pieces
  8207 | Orc:2    | Found Ydwoak's Antique Weapon Emporium.
  8354 | Orc:2    | Found Lyiheidd's Antique Armour Shoppe.
  8383 | Orc:2    | Bought a runed helmet for 262 gold pieces
  8572 | Orc:2    | Noticed an orc warlord
  8654 | Orc:1    | You are sucked into a shaft and drop 1 floor!
  8654 | Orc:2    | Found Motea's Book Shop.
  8656 | Orc:2    | Found a staircase to the Elven Halls.
  9062 | Orc:1    | Killed an orc warlord
  9289 | D:13     | Found a sparkling altar of Nemelex Xobeh.
  9386 | D:13     | Noticed Maurice
  9401 | D:13     | Killed Maurice
  9593 | D:14     | Noticed Kirke
  9626 | D:14     | Killed Kirke
  9703 | D:14     | Found a gate to the Vaults.
 10026 | D:15     | Entered Level 15 of the Dungeon
 10222 | D:15     | Found a staircase to the Depths.
 10282 | D:15     | Reached skill level 10 in Shields
 10530 | D:7      | Bought a scroll of brand weapon for 580 gold pieces
 10530 | D:7      | Bought a scroll of enchant armour for 217 gold pieces
 10707 | Swamp:1  | Entered Level 1 of the Swamp
 10744 | Swamp:1  | Reached XP level 16. HP: 101/101 MP: 25/25
 10791 | Swamp:2  | Noticed a tentacled monstrosity
 10803 | Swamp:2  | Killed a tentacled monstrosity
 10856 | Swamp:3  | Reached skill level 1 in Dodging
 10898 | Swamp:4  | Entered Level 4 of the Swamp
 10898 | Swamp:4  | Noticed a thorn hunter
 10944 | Swamp:4  | Noticed a bone dragon
 10964 | Swamp:4  | Killed a bone dragon
 10971 | Swamp:4  | Got a decaying rune of Zot
 11138 | Swamp:4  | Noticed a fenstrider witch
 11148 | Swamp:4  | Killed a fenstrider witch
 11236 | Swamp:4  | Killed a thorn hunter
 11251 | Swamp:4  | Found a runed translucent gate.
 11251 | Swamp:4  | Found a runed translucent gate.
 11251 | Swamp:4  | Found a runed translucent gate.
 11251 | Swamp:4  | Noticed swinepaste's ghost (journeyman DsMo)
 11266 | Swamp:4  | Killed swinepaste's ghost
 11493 | Swamp:2  | Noticed a thorn hunter
 11512 | Swamp:2  | Killed a thorn hunter
 11520 | Swamp:2  | Noticed a fenstrider witch
 11536 | Swamp:2  | Killed a fenstrider witch
 11598 | Swamp:1  | Noticed a fenstrider witch
 11608 | Swamp:1  | Killed a fenstrider witch
 11760 | Spider:1 | Entered Level 1 of the Spider Nest
 11780 | Spider:1 | Reached XP level 17. HP: 76/108 MP: 27/27
 11789 | Spider:1 | Found a shimmering altar of Xom.
 11789 | Spider:1 | Noticed Shmal's ghost (adept MiBe)
 11790 | Spider:1 | Found a runed translucent door.
 11820 | Spider:1 | Killed Shmal's ghost
 11823 | Spider:1 | Identified the +6 scimitar "Xemmec" {flame, Int+3}
 12051 | Spider:4 | Entered Level 4 of the Spider Nest
 12068 | Spider:4 | Reached skill level 5 in Dodging
 13043 | Spider:4 | Got a gossamer rune of Zot
 13049 | Spider:4 | Identified the +1 pair of boots of Hedge Wizardry {Fly rF+
                  | Dex-4}
 13573 | Vaults:1 | Entered Level 1 of the Vaults
 13635 | Vaults:1 | Noticed a sphinx
 13667 | Vaults:1 | Killed a sphinx
 13677 | Vaults:1 | Reached XP level 18. HP: 48/117 MP: 28/28
 13781 | Vaults:1 | Reached skill level 15 in Fighting
 14808 | Vaults:1 | The Shining One protects you from harm!
 15222 | Vaults:2 | Reached skill level 15 in Shields
 15672 | Vaults:2 | Reached XP level 19. HP: 97/125 MP: 29/29
 16301 | Elf:1    | Entered Level 1 of the Elven Halls
 16301 | Elf:1    | Noticed Frances
 16308 | Elf:1    | Killed Frances
 16434 | Elf:1    | Reached skill level 15 in Armour
 16465 | Elf:1    | Found a magical portal.
 16472 | WizLab   | Entered Tukima's Studio
 16519 | WizLab   | Identified the +10 triple crossbow of Honesty {speed, rF-
                  | Int+7}
 16616 | WizLab   | Identified the +3 triple crossbow of Cheese {speed, rF+}
 16678 | WizLab   | Noticed ryathie's illusion
 16885 | Elf:1    | Found Angen's One-of-a-Kind Rings.
 16892 | Elf:1    | Noticed Asterion
 16906 | Elf:1    | Killed Asterion
 17997 | Elf:2    | Reached skill level 15 in Invocations
 18266 | Elf:2    | Found a runed translucent gate.
 18266 | Elf:2    | Found a runed translucent gate.
 18266 | Elf:2    | Found a runed translucent gate.
 18336 | Elf:2    | Reached XP level 20. HP: 124/134 MP: 31/31
 18768 | Elf:3    | Entered Level 3 of the Elven Halls
 18945 | Elf:3    | Found a portal to a secret trove of treasure.
 20118 | Elf:3    | Identified the +10 flail "Gikamuic" {vorpal, rF+}
 20295 | Elf:3    | Identified the +1 ring mail of Bespelled Fun {rF- Regen+
                  | Str+6}
 20312 | Elf:3    | Got the Volume of Quantum Shape Shifting
 20362 | Elf:3    | Got the Guide on Displaced Execration
 20566 | Elf:1    | Bought the ring of Dauclezo {rF+ Str+2 Int+3} for 765 gold
                  | pieces
 20566 | Elf:1    | Bought the ring "Luhyn" {rPois rCorr} for 561 gold pieces
 21430 | Vaults:3 | Found Eptu's Assorted Antiques.
 21443 | Vaults:3 | Bought a scroll of blinking for 285 gold pieces
 21443 | Vaults:3 | Bought a scroll of blinking for 285 gold pieces
 21443 | Vaults:3 | Bought a scroll labelled UPHENT NIOST for 38 gold pieces
 21443 | Vaults:3 | Bought a pink potion for 34 gold pieces
 21957 | Vaults:3 | Reached XP level 21. HP: 62/142 MP: 33/33
 22025 | Vaults:3 | Reached skill level 10 in Dodging
 22068 | Vaults:4 | Reached skill level 5 in Evocations
 23512 | Vaults:5 | Entered Level 5 of the Vaults
 23794 | Vaults:5 | Reached XP level 22. HP: 84/152 MP: 34/34
 23877 | Vaults:5 | Found the +6 Majin-Bo {vamp, MP+6 Int+6}
 24412 | Vaults:5 | Identified the +10 war axe of Imminent Death {vamp, rC+}
 24512 | Vaults:5 | Noticed a dread lich
 24522 | Vaults:5 | Killed a dread lich
 25019 | Vaults:5 | Got a silver rune of Zot
 25521 | Slime:1  | Entered Level 1 of the Pits of Slime
 25548 | Slime:2  | Noticed Dissolution
 25597 | Slime:1  | Killed Dissolution
 25756 | Slime:5  | Entered Level 5 of the Pits of Slime
 25930 | Slime:4  | Gained mutation: You are strong-willed. (Will+) [a shining
                  | eye]
 25948 | Slime:4  | Reached XP level 23. HP: 160/160 MP: 35/35
 26081 | Slime:5  | Found a viscous altar of Jiyva.
 26151 | Slime:5  | Gained mutation: You are somewhat resistant to further
                  | mutation. [a shining eye]
 26214 | Slime:5  | Found the +2 hood of the Assassin {Detection Stab+ Stlth++}
 26321 | Slime:5  | Noticed the Royal Jelly
 26357 | Slime:5  | Killed the Royal Jelly
 26493 | Slime:5  | Got a slimy rune of Zot
 26528 | Slime:5  | Identified the amulet of Eruism {RegenMP Harm rElec Str+3}
 26878 | Depths:1 | Entered Level 1 of the Depths
 26922 | Depths:1 | Found Ceufoc's Armour Shop.
 26925 | Depths:1 | Found Nagipen's General Store.
 26934 | Depths:1 | Bought a potion of haste for 120 gold pieces
 26934 | Depths:1 | Bought a scroll of teleportation for 36 gold pieces
 27138 | Depths:1 | Paralysed by a floating eye for 3 turns
 27506 | Depths:2 | Found Gozag's Antique Weapon Boutique.
 27511 | Depths:2 | Found Gozag's Antique Armour Shop.
 27511 | Depths:2 | Found an opulent altar of Gozag.
 27511 | Depths:2 | Noticed a golden dragon
 27534 | Depths:2 | Found Gozag's Antique Weapon Shop.
 27609 | Depths:2 | Identified a scroll of acquirement
 27615 | Depths:2 | Acquired the +8 tower shield "Qifryav" {rF+ Str+4}
 27652 | Depths:2 | Killed a golden dragon
 27997 | Depths:3 | Found a gateway to Hell.
 28068 | Depths:3 | Identified the ring "Efrycrol" {Dex+6 SInv}
 28175 | Depths:3 | Found Soameaph's General Store.
 28207 | Depths:3 | Paralysed by a floating eye for 4 turns
 28363 | Depths:3 | Identified the ring "Qigumy" {Str+3 Int+3 Dex+6}
 28387 | Depths:3 | Reached XP level 24. HP: 155/166 MP: 36/36
 28531 | Depths:3 | Found Soejyff's Armour Emporium.
 28622 | Depths:3 | Paralysed by a floating eye for 3 turns
 28634 | Depths:3 | Found a transporter.
 28651 | Depths:3 | Identified the ring "Nayc Ich" {Ice Will+}
 28710 | Depths:3 | Found a one-way gate to the infinite horrors of the Abyss.
 28828 | Depths:3 | Found a transporter.
 28871 | Depths:4 | Entered Level 4 of the Depths
 29186 | Depths:4 | Found a gate to the Realm of Zot.
 29217 | Depths:4 | Noticed Margery
 29248 | Depths:4 | Killed Margery
 29433 | Depths:4 | Found Komud's Antique Armour Boutique.
 29503 | Depths:4 | Identified a +7 broad axe of holy wrath (a +5 broad axe of
                  | flaming blessed by the Shining One)
 29503 | Depths:4 | Received a gift from the Shining One
 30417 | Elf:3    | You paid a toll of a +6 demon blade to enter a treasure
                  | trove
 30418 | Trove    | Entered a treasure trove
 30431 | Trove    | Identified the +7 demon trident of the Saving Weasel
                  | {flame, Str+2}
 30452 | Trove    | Identified the amulet "Hinip" {Spirit rN+ Str-2 Int+6 SInv}
 30903 | Hell     | Entered the Vestibule of Hell
 30903 | Hell     | Noticed Geryon
 30928 | Hell     | Killed Geryon
 31079 | Hell     | Found a gateway to the ashen valley of Gehenna.
 31134 | Hell     | Found a gateway to the decaying netherworld of Tartarus.
 31223 | Hell     | Reached XP level 25. HP: 171/171 MP: 36/36
 31256 | Hell     | Found a gateway to the freezing wastes of Cocytus.
 31288 | Hell     | Found a gateway to the Iron City of Dis.
 31337 | Depths:1 | Found Nicolae's Needful Niceties.
 31459 | Depths:1 | Reached skill level 15 in Dodging
 31960 | Depths:2 | Found a one-way gateway to a ziggurat.
 32012 | Depths:2 | Found a one-way gate leading to the halls of Pandemonium.
 32052 | Pan      | Entered Pandemonium
 32594 | Pan      | Entered the realm of Mnoleg.
 32599 | Pan      | Gained mutation: Your body sometimes deteriorates upon
                  | taking damage. [a cacodemon]
 32686 | Pan      | Gained mutation: You do not regenerate when monsters are
                  | visible. [a cacodemon]
 32689 | Pan      | Lost mutation: You do not regenerate when monsters are
                  | visible. [potion of mutation]
 32689 | Pan      | Lost mutation: You are somewhat resistant to further
                  | mutation. [potion of mutation]
 32689 | Pan      | Gained mutation: Your mind is acute. (Int +2) [potion of
                  | mutation]
 32689 | Pan      | Gained mutation: Armour fits poorly on your strangely
                  | shaped body. [potion of mutation]
 32755 | Pan      | Noticed Mnoleg
 32774 | Pan      | Killed Mnoleg
 32784 | Pan      | Got a glowing rune of Zot
 32853 | Pan      | Entered the realm of Cerebov.
 33075 | Pan      | Found the +6 sword of Cerebov {flame}
 33075 | Pan      | Noticed Cerebov
 33133 | Pan      | Identified the ring of Liberty {Wiz +Blink Str+2}
 33221 | Pan      | Identified the +0 pair of boots "Umnibla" {Dex+3}
 33284 | Pan      | Got a fiery rune of Zot
 33406 | Pan      | Entered the realm of Gloorx Vloq.
 33513 | Pan      | Noticed Gloorx Vloq
 33524 | Pan      | Killed Gloorx Vloq
 33532 | Pan      | Got a dark rune of Zot
 33596 | Pan      | Noticed Foetieli the pandemonium lord
 33613 | Pan      | Killed Foetieli the pandemonium lord
 33614 | Pan      | Reached XP level 26. HP: 146/180 MP: 36/36
 33708 | Pan      | Entered the realm of Lom Lobon.
 34043 | Pan      | Noticed Lom Lobon
 34076 | Pan      | Got a magical rune of Zot
 34323 | Pan      | Found an exit through the horrors of the Abyss.
 34369 | Pan      | Took an exit into the Abyss.
 34369 | Abyss:1  | Escaped into the Abyss
 34384 | Depths:2 | Escaped the Abyss
 34386 | Pan      | Entered Pandemonium
 34560 | Pan      | Found an exit through the horrors of the Abyss.
 34573 | Pan      | Took an exit into the Abyss.
 34573 | Abyss:1  | Escaped into the Abyss
 34596 | Abyss:1  | Paralysed by accursed screaming for 1 turns
 34659 | Abyss:4  | Found a corrupted altar of Lugonu.
 34931 | Abyss:4  | Found a corrupted altar of Lugonu.
 35087 | Abyss:4  | Gained mutation: You tend to lose your temper in combat. [a
                  | cacodemon]
 35132 | Abyss:4  | Lost mutation: You are strong-willed. (Will+) [potion of
                  | mutation]
 35132 | Abyss:4  | Lost mutation: You tend to lose your temper in combat.
                  | [potion of mutation]
 35132 | Abyss:4  | Lost mutation: Armour fits poorly on your strangely shaped
                  | body. [potion of mutation]
 35132 | Abyss:4  | Gained mutation: Your magical capacity is low. (-10% MP)
                  | [potion of mutation]
 35132 | Abyss:4  | Gained mutation: Your mind is very acute. (Int +4) [potion
                  | of mutation]
 35132 | Abyss:4  | Gained mutation: Your muscles are strong. (Str +2) [potion
                  | of mutation]
 35272 | Abyss:4  | Found a corrupted altar of Lugonu.
 35336 | Abyss:4  | Found an ancient bone altar of Kikubaaqudgha.
 35522 | Abyss:4  | Paralysed by you for 5 turns
 35647 | Abyss:4  | Paralysed by accursed screaming for 1 turns
 35897 | Abyss:4  | Gained mutation: You are clumsy. (Dex -2) [a neqoxec]
 35983 | Abyss:4  | Found a corrupted altar of Lugonu.
 35985 | Abyss:5  | Entered Level 5 of the Abyss
 36047 | Abyss:5  | Found a glowing golden altar of the Shining One.
 36089 | Abyss:5  | Found a glowing golden altar of the Shining One.
 36091 | Abyss:5  | Noticed a juggernaut
 36105 | Abyss:5  | Killed a juggernaut
 36109 | Abyss:5  | Reached XP level 27. HP: 164/188 MP: 32/32
 36109 | Abyss:5  | Got an abyssal rune of Zot
 36115 | Depths:2 | Escaped the Abyss
 36117 | Pan      | Entered Pandemonium
 36119 | Pan      | Found an exit through the horrors of the Abyss.
 36157 | Pan      | Noticed Lom Lobon
 36164 | Pan      | Took an exit into the Abyss.
 36164 | Abyss:1  | Escaped into the Abyss
 36181 | Abyss:1  | Paralysed by accursed screaming for 1 turns
 36254 | Depths:2 | Escaped the Abyss
 36257 | Pan      | Entered Pandemonium
 36538 | Pan      | Gained mutation: You tend to lose your temper in combat. [a
                  | cacodemon]
 36560 | Pan      | Lost mutation: Your mind is very acute. (Int +4) [potion of
                  | mutation]
 36560 | Pan      | Lost mutation: Your mind is acute. (Int +2) [potion of
                  | mutation]
 36560 | Pan      | Lost mutation: Your magical capacity is low. (-10% MP)
                  | [potion of mutation]
 36560 | Pan      | Lost mutation: Your muscles are strong. (Str +2) [potion of
                  | mutation]
 36561 | Pan      | Lost mutation: Your body sometimes deteriorates upon taking
                  | damage. [potion of mutation]
 36561 | Pan      | Lost mutation: You tend to lose your temper in combat.
                  | [potion of mutation]
 36561 | Pan      | Lost mutation: You are clumsy. (Dex -2) [potion of
                  | mutation]
 36561 | Pan      | Gained mutation: You possess an exceptional clarity of
                  | mind. [potion of mutation]
 36561 | Pan      | Gained mutation: You sometimes lose the ability to read
                  | scrolls when taking damage. [potion of mutation]
 36561 | Pan      | Gained mutation: You are partially covered in iridescent
                  | scales. (AC +2) [potion of mutation]
 36564 | Pan      | Lost mutation: You sometimes lose the ability to read
                  | scrolls when taking damage. [potion of mutation]
 36564 | Pan      | Lost mutation: You possess an exceptional clarity of mind.
                  | [potion of mutation]
 36564 | Pan      | Lost mutation: You are partially covered in iridescent
                  | scales. (AC +2) [potion of mutation]
 36564 | Pan      | Gained mutation: You are weak. (Str -2) [potion of
                  | mutation]
 36564 | Pan      | Lost mutation: You are weak. (Str -2) [potion of mutation]
 36564 | Pan      | Gained mutation: You possess an exceptional clarity of
                  | mind. [potion of mutation]
 36564 | Pan      | Gained mutation: You passively dampen the noise of your
                  | surroundings. [potion of mutation]
 36763 | Pan      | Gained mutation: You are weak. (Str -2) [a neqoxec]
 36804 | Pan      | Gained mutation: Your magical capacity is low. (-10% MP) [a
                  | neqoxec]
 36907 | Pan      | Gained mutation: You are covered in fur. (AC +1) [a
                  | neqoxec]
 36933 | Pan      | Found a runed translucent door.
 36949 | Pan      | Got a demonic rune of Zot
 36987 | Pan      | Found an exit through the horrors of the Abyss.
 37002 | Pan      | Took an exit into the Abyss.
 37002 | Abyss:1  | Escaped into the Abyss
 37002 | Abyss:1  | Found a corrupted altar of Lugonu.
 37093 | Depths:2 | Escaped the Abyss
 37127 | Tar:1    | Entered Level 1 of Tartarus
 37270 | Tar:2    | You are sucked into a shaft and drop 2 floors!
 37433 | Tar:6    | Found a huge runed gate.
 37434 | Tar:6    | Found a huge runed gate.
 37434 | Tar:6    | Found a huge runed gate.
 37434 | Tar:6    | Found a huge runed gate.
 37435 | Tar:6    | Found a huge runed gate.
 37435 | Tar:6    | Found a huge runed gate.
 37436 | Tar:6    | Found a huge runed gate.
 37436 | Tar:6    | Found a huge runed gate.
 37437 | Tar:6    | Found a huge runed gate.
 37437 | Tar:6    | Found a huge runed gate.
 37437 | Tar:6    | Found a huge runed gate.
 37438 | Tar:6    | Found a huge runed gate.
 37439 | Tar:6    | Found a huge runed gate.
 37470 | Tar:6    | Found a huge runed gate.
 37471 | Tar:6    | Found a huge runed gate.
 37472 | Tar:6    | Found a huge runed gate.
 37473 | Tar:6    | Found a huge runed gate.
 37474 | Tar:6    | Found a huge runed gate.
 37488 | Tar:6    | Found a huge runed gate.
 37488 | Tar:6    | Found a huge runed gate.
 37488 | Tar:6    | Found a huge runed gate.
 37488 | Tar:6    | Found a huge runed gate.
 37488 | Tar:6    | Found a huge runed gate.
 37488 | Tar:6    | Found a huge runed gate.
 37489 | Tar:6    | Found a huge runed gate.
 37490 | Tar:6    | Found a huge runed gate.
 37491 | Tar:6    | Found a huge runed gate.
 37499 | Tar:6    | Found a huge runed gate.
 37499 | Tar:6    | Found a huge runed gate.
 37499 | Tar:6    | Found a huge runed gate.
 37499 | Tar:6    | Found a huge runed gate.
 37499 | Tar:6    | Found a huge runed gate.
 37499 | Tar:6    | Found a huge runed gate.
 37500 | Tar:6    | Found a huge runed gate.
 37501 | Tar:6    | Found a huge runed gate.
 37502 | Tar:6    | Found a huge runed gate.
 37528 | Tar:7    | Entered Level 7 of Tartarus
 37599 | Tar:7    | Identified the +6 whip of Subterfuge {pain, rN+}
 37807 | Tar:7    | Noticed Ereshkigal
 37841 | Tar:7    | Killed Ereshkigal
 37887 | Tar:7    | Got a bone rune of Zot
 37930 | Geh:1    | Entered Level 1 of Gehenna
 37931 | Geh:1    | You are sucked into a shaft and drop 1 floor!
 38260 | Geh:7    | Entered Level 7 of Gehenna
 38468 | Geh:7    | Noticed the Serpent of Hell
 38483 | Geh:7    | Killed the Serpent of Hell
 38673 | Geh:7    | Found the +7 sceptre of Asmodeus
 38673 | Geh:7    | Noticed Asmodeus
 38689 | Geh:7    | The Shining One protects you from harm!
 38690 | Geh:7    | Killed from afar by Asmodeus

Illustrated notes

Levels and vault maps discovered:
D:1:      psy_arrival_terrarium, layout_rooms, shapermc_ecumenical_altar_ellora
D:2:      layout_basic
D:3:      layout_loops_cross, kennysheep_orc_chapel
D:4:      layout_basic, temple_statues, minmay_manual_mail
D:5:      layout_rooms, minitemple
D:6:      layout_loops_corners, nicolae_ru_great_annihilating_truth,
          gammafunk_temple_overflow_forgotten, gammafunk_ghost_stat_death,
          serial_shops, nicolae_stop_n_shop_2, uniq_crazy_yiuf_cottage
D:7:      minmay_slanted_spiral_squares, layout_basic, slow_altar_1,
          nicolae_sif_muna_condensation, serial_shops, shop_statue,
          shop_fountains, shop, kennysheep_mini, uniq_menkaure, uniq_harold
D:8:      layout_loops_ring, tgw_kikubaaqudgha, kb_rosetta, uniq_psyche
D:9:      dragon1_lemuel, layout_basic, erik_orc_1
D:10:     layout_gridville, grunt_dithmenos_shadows
D:11:     layout_small_grid, lair_entry_dummy, gauntlet_entry_generic
D:12:     layout_long_grid, minivault_8, uniq_gastronok, uniq_nergalle
D:13:     layout_roguey, nemelex_lonely_heart_becter, uniq_maurice
D:14:     layout_irregular_city, erik_vaults_1, roderic_serpentine_path,
          uniq_kirke
D:15:     gammafunk_depths_entry_grave, layout_rooms,
          nicolae_qazlal_eye_of_the_storm
Temple:   compressed_dpeg_triangle_lava_temple
Lair:1:   layout_gridlike, special_room [special_room_bee], lemuel_fruit_fields
Lair:2:   layout_chaotic_city, spider_nest_entry_a, serial_bayou_shore_a,
          uniq_urug
Lair:3:   layout_big_grid
Lair:4:   layout_roguey, skrybe_swamp_entry_bodies, special_room
          [special_room_mythical_zoo], kennysheep_basilisk_garden,
          grunt_megastairs_4, lemuel_fruit_fields
Lair:5:   layout_hall_layers, slime_altar_2, beast_lair_carwin_4,
          lemuel_fruit_tree
Lair:6:   evilmike_catoblepas_cave, layout_layer_cave
Swamp:1:  nicolae_swamp_standing_stones, layout_basic_swamp,
          hangedman_swamp_ruin_wall, swamp_pool2, nicolae_swamp_bean_lake,
          infiniplex_staircase_pool
Swamp:2:  layout_falls_marsh, gammafunk_ghost_berserking_beasts,
          evilmike_swamp_ruin_rubble_2
Swamp:3:  layout_falls_marsh, nicolae_swamp_tree_designs, swamp_pool4
Swamp:4:  swamp_pestilence, layout_basic_swamp, ebering_ghost_rock_garden
Spider:1: layout_spider_delve, ebering_ghost_xom, hangedman_spider_mandibles,
          nicolae_spider_twisty_arc_passages
Spider:2: layout_chambers, uniq_arachne
Spider:3: layout_spider_delve, hangedman_spider_tarantella_strand,
          uniq_bai_suzhen
Spider:4: hellmonk_spider_rune_endless_swarm
Slime:1:  layout_caves
Slime:2:  layout_caves, dissolution_awaits
Slime:3:  layout_caves
Slime:4:  layout_caves
Slime:5
Orc:1:    layout_diamond_mine, uniq_sonja
Orc:2:    grunt_orc_gardens, layout_diamond_mine, grunt_orc_garden,
          grunt_orc_garden, grunt_orc_garden, grunt_orc_garden, basic_altar
Elf:1:    layout_geoelf_grid, infiniplex_enter_wizlab_spiral, evilmike_minifort,
          hex_large, nicolae_shop_unique_rings, uniq_frances, uniq_asterion
Elf:2:    nicolae_elf_blades_crystal_corner, layout_loops_corners, serial_glass,
          glass_columns_b, glass_columns_c
Elf:3:    elf_hall, layout_loops_corners, enter_trove_3
Vaults:1: hangedman_vaults_restitches, nicolae_vaults_theta,
          ontoclasm_vaults_bender, v_misc_3, vaults_mumra_hexcomb,
          ontoclasm_vaults_idyll, layout_vaults_omnigrid
Vaults:2: vaults_dpeg_hooks, v_misc_25, minmay_crypt_entry_vampire_xt,
          vaults_room_door_ring, v_rooms_2, v_misc_26, v_rooms_1,
          hangedman_vaults_trim, nicolae_vaults_border_crossing, v_misc_30,
          nicolae_vaults_an_arrangement, layout_vaults_big_cross
Vaults:3: v_misc_2, st_more_cells, v_alt_pattern_1, hangedman_vaults_nodes,
          v_alt_pattern_1, ontoclasm_vaults_misaligned, v_misc_29,
          hangedman_vaults_pinch, v_rooms_5, nicolae_vaults_little_squares_3,
          nicolae_vaults_little_squares_4, v_misc_31, ontoclasm_vaults_ligature,
          hangedman_vaults_stretched_pinwheel, ontoclasm_vaults_fault,
          ontoclasm_vaults_twist, vaults_room_octagon, layout_vaults_maze_bifur,
          serial_shops, shop_statue, nicolae_shop_stone
Vaults:4: hangedman_vaults_stitches, nicolae_vaults_specimen_jars,
          hangedman_vaults_capsules, vaults_mumra_chevron_long,
          hangedman_vaults_maws, grunt_vaults_swirl, vaults_room_ringed_pool,
          nicolae_vaults_what_the_h, hangedman_vaults_impose, serial_ice_b,
          hangedman_vaults_restitches, serial_ice_g,
          nicolae_vaults_little_squares_5, nicolae_vaults_gold_heap,
          ontoclasm_vaults_decontamination, nicolae_vaults_murderbox,
          vaults_room_semicircle, nicolae_vaults_bisected_slash,
          layout_vaults_ring
Vaults:5: serial_shops
Depths:1: layout_gridlike, hex_medium, pf_coc_iceberg, nicolae_alphabet_shops,
          minmay_misc_feat_ornament, kennysheep_generic_room_13,
          minmay_shop_star
Depths:2: kennysheep_gozag_temple, layout_honeycomb, enter_ziggurat_d,
          lemuel_round_altar, grunt_pan_entry_sceptre, hell_entry, minivault_21,
          infiniplex_staircase_pillars_2
Depths:3: hangedman_spin_cycle, hell_entry, abyss_entry
Depths:4: evilmike_zot_entry_diamond, layout_basic, minmay_misc_feat_encased,
          hell_entry, serial_shops, nicolae_shop_hallway_plus,
          minmay_splitting_lines, uniq_margery
Hell
Geh:1:    layout_gehenna_pools_triple
Geh:2:    layout_gehenna_pools_basic
Geh:3:    layout_gehenna_pools_box
Geh:4:    layout_gehenna_pools_triple
Geh:5:    layout_gehenna_lava_caves
Geh:6:    layout_gehenna_pools_basic
Geh:7:    geh_mu
Tar:1:    hangedman_tartarus_temple_path, layout_cathedral_of_symmetry
Tar:2:    layout_honeycomb, nicolae_tar_cuneiform_oil
Tar:4:    layout_catacombs, nicolae_tar_liches_on_tour
Tar:5:    layout_honeycomb
Tar:6:    layout_catacombs, door_vault
Tar:7:    tar_mu [tar_mu_maze]

Skill      XL: |  1  2  3  4  5  6  7  8  9 10 11 12 13 14 15 16 17 18 19 20 21 22 23 24 25 26 27 |
---------------+----------------------------------------------------------------------------------+-----
Axes           | 2 3 5 6 7 9 11 13 14 16 17 18 | 18.0
Fighting       | 4 5 6 7 8 10 11 13 14 16 17 18 20 21 22 23 24 | 24.3
Armour         | 4 5 6 7 8 10 11 12 13 16 17 19 20 21 22 24 | 24.3
Shields        | 4 5 6 7 8 10 11 13 15 17 18 21 24 | 24.3
Throwing       | 2 |  2.0
Evocations     | 2 4 8 |  8.8
Invocations    | 6 7 8 10 12 13 14 15 16 18 | 18.0
Dodging        | 4 8 9 11 12 14 15 | 15.0

Action                   |  1- 3 |  4- 6 |  7- 9 | 10-12 | 13-15 | 16-18 | 19-21 | 22-24 | 25-27 || total
-------------------------+-------+-------+-------+-------+-------+-------+-------+-------+-------++-------
Melee: War axe           |    29 |    43 |   147 |   175 |       |       |       |       |       ||   394
       Unarmed           |       |       |       |     6 |       |       |       |       |       ||     6
       Battleaxe         |       |       |       |   144 |   446 |       |       |       |       ||   590
       Broad axe         |       |       |       |       |   552 |   793 |  1112 |  1410 |  2017 ||  5884
       Scimitar          |       |       |       |       |     5 |     7 |     4 |       |       ||    16
       Punch             |       |       |       |       |     5 |       |       |       |       ||     5
Throw: Dart              |       |       |     7 |    19 |     4 |       |       |       |       ||    30
       Throwing net      |       |       |       |     2 |       |       |       |       |       ||     2
Invok: Cleansing Flame   |       |       |       |       |     1 |     7 |       |     4 |    11 ||    23
       Summon Divine War |       |       |       |       |       |     2 |     9 |     6 |    13 ||    30
       Divine Shield     |       |       |       |       |       |       |     2 |       |       ||     2
       Brand Weapon With |       |       |       |       |       |       |       |     1 |       ||     1
Evoke: Wand              |       |       |       |     7 |     2 |    13 |     2 |       |    10 ||    34
       Phial of floods   |       |       |       |     1 |       |       |     1 |       |       ||     2
       Box of beasts     |       |       |       |       |       |       |     1 |     1 |       ||     2
       Tin of tremorston |       |       |       |       |       |       |       |     1 |       ||     1
       Phantom mirror    |       |       |       |       |       |       |       |     1 |       ||     1
  Use: Scroll            |       |     5 |     8 |     7 |    13 |     4 |     9 |     4 |    13 ||    63
       Potion            |       |       |       |       |     1 |     2 |     7 |     1 |     8 ||    19
Armor: Scale mail        |    14 |       |       |       |       |       |       |       |       ||    14
       Ring mail         |     2 |    10 |    56 |   227 |   481 |   400 |    74 |       |       ||  1250
       Skin              |       |       |       |     1 |       |       |       |       |       ||     1
       Plate armour      |       |       |       |       |       |       |   326 |   553 |   740 ||  1619
Dodge: Dodged            |     6 |    24 |    57 |   167 |   398 |   473 |   257 |   441 |   507 ||  2330
Block: Buckler           |    16 |    12 |    61 |    59 |       |       |       |       |       ||   148
       Reflection        |       |       |     5 |     5 |       |       |       |       |       ||    10
       Kite shield       |       |       |       |       |   138 |   459 |   485 |   355 |       ||  1437
       Tower shield      |       |       |       |       |       |       |       |   620 |  2129 ||  2749
